 Dungeon Crawl Stone Soup version 0.31-a0-152-g6aa68a64a1 (webtiles) character file.

Game seed: 514502390961630563

537 qw the Shooter (level 7, -2/64 HPs)
             Began as a Naga Hunter on June 10, 2023.
             Slain by an ogre
             ... wielding a +0 giant spiked club
              (26 damage)
             ... on level 5 of the Dungeon.
             The game lasted 00:01:10 (3385 turns).

qw the Shooter (Naga Hunter)                        Turns: 3385, Time: 00:01:10

Health: -2/64      AC:  3    Str: 19    XL:     7   Next: 25%
Magic:  7/7        EV: 10    Int: 10    God:
Gold:   157        SH:  0    Dex: 16    Spells: 6/6 levels left

rFire   . . .        Y - +0 shortbow
rCold   . . .        (shield currently unavailable)
rNeg    + . .        c - +0 leather armour
rPois   +            (no helmet)
rElec   .            (no cloak)
rCorr   .            (no gloves)
SInv    +            (no barding)
Will    .....        (no amulet)
Stlth   ++           f - +6 ring of strength
HPRegen 0.30/turn    g - ring of positive energy
MPRegen 0.10/turn

%: no passive effects
@: short of breath, very slow
A: AC +2, large, see invisible, deformed body, poison resistance, slowness 2,
spit poison 1, naga tail 1
a: Spit Poison


You were on level 5 of the Dungeon.
You visited 1 branch of the dungeon, and saw 5 of its levels.

You collected 157 gold pieces.


Innate Abilities, Weirdness & Mutations

Your serpentine skin is tough. (AC +2)
You have supernaturally acute eyesight. (SInv)
Armour fits poorly on your strangely shaped body.
Your system is resistant to poisons. (rPois)
You cover ground very slowly.
You can spit poison.
You have a snake-like lower body.


   Skills:
 - Level 4.0 Fighting
 + Level 6.8 Ranged Weapons
 - Level 2.2 Dodging
 - Level 1.5 Stealth


You had 6 spell levels left.
You didn't know any spells.
Your spell library was empty.

Inventory:

Hand Weapons
 Y - a +0 shortbow (weapon)
Armour
 c - a +0 leather armour (worn)
Jewellery
 f - a +6 ring of strength (left hand)
 g - a ring of positive energy (right hand)
Scrolls
 a - 2 scrolls of teleportation
 h - a scroll of identify
Potions
 b - 2 potions of heal wounds
 i - a potion of degeneration {unknown}
 j - a potion of magic {unknown}

Dungeon Overview and Level Annotations

Branches:
Dungeon (5/15)
 Temple: D:4-7

Altars:

Shops:
D:3 :=


Message History

You start resting.
HP restored.
You have got your breath back.
Things that are here:
a +1 hand axe of venom; 2 boomerangs; a +0 leather armour
Things that are here:
a +1 short sword of freezing; an orc corpse You now have 157 gold pieces (gained 8).
An ogre comes into view. It is wielding a +0 giant spiked club.
The ogre shouts!
The ogre moves out of view.
3378 ||| INVOKING Spit Poison.
Aiming: Spit Poison (1% risk of failure)
Press: ? - help, Shift-Dir - straight line, f - ogre The splash of poison misses the ogre.
You shoot an arrow. The arrow hits the ogre.
The ogre is moderately wounded.
You shoot an arrow. The arrow hits the ogre.
The ogre is moderately wounded.
You have got your breath back.
The ogre hits you with a +0 giant spiked club!
3381 ||| INVOKING Spit Poison.
Aiming: Spit Poison (1% risk of failure)
Press: ? - help, Shift-Dir - straight line, f/p - ogre The splash of poison hits the ogre.
The ogre is poisoned.
The ogre is moderately wounded.
The ogre hits you with a +0 giant spiked club!!
You shoot an arrow.
The arrow hits the ogre but does no damage.
The ogre is heavily wounded.
You shoot an arrow. The arrow hits the ogre.
The ogre is heavily wounded.
The ogre hits you with a +0 giant spiked club!
You shoot an arrow. The arrow hits the ogre.
The ogre is severely wounded.
The ogre looks more healthy.
The ogre barely misses you.
You shoot an arrow. The arrow hits the ogre.
The ogre is severely wounded.
The ogre hits you with a +0 giant spiked club!!
You die...

## .. ##. .. ...
#. #...# #.# #.
#.#.# #.# #. #.#.#
#.# .#
###.##.######.#.#
#.##.#
......O@....#.#.#
#.##.#
......#...#.#.#.#
#.##.# ###.#
#.#.#.#.#.# #.##.#
#.
#.........###.##.#
####.............#
.....##.........#
#.###.##.####.##.#
# #.............
####.........#


You could see an ogre.

Vanquished Creatures
  A black bear (D:4)
  2 scorpions (D:4)
  A hound (D:4)
  An orc priest (D:4)
  2 jellies (D:4)
  An iguana (D:4)
  An orc wizard (D:4)
  7 adders
  2 worms
  A dart slug (D:2)
  9 orcs
  7 bats
  4 endoplasms
  A giant cockroach (D:1)
  13 goblins
  10 hobgoblins
  2 jackals (D:2)
  3 quokkas
  8 ball pythons
  3 frilled lizards (D:2)
  5 kobolds
  6 rats
90 creatures vanquished.

Notes
Turn   | Place    | Note
-------+----------+-------------------------------------------
     0 | D:1      | qw the Naga Hunter began the quest for the Orb.
     0 | D:1      | Reached XP level 1. HP: 19/19 MP: 1/1
     0 | D:1      | 0 ||| qw: Version: 0.2-a-122-gbc61b45
     0 | D:1      | 0 ||| qw: Game counter: 3548
     0 | D:1      | 0 ||| qw: Always use a shield: true
     0 | D:1      | 0 ||| qw: God list: Okawaru
     0 | D:1      | 0 ||| qw: Allow faded altars: false
     0 | D:1      | 0 ||| qw: Do Orc after D:15 true
     0 | D:1      | 0 ||| qw: Do second Lair branch before Depths: true
     0 | D:1      | 0 ||| qw: Lair rune preference: random
     0 | D:1      | 0 ||| qw: Plans: Normal
     0 | D:1      | 0 ||| PLANNING D:1-11
    14 | D:1      | 14 ||| INVOKING Spit Poison.
    29 | D:1      | 29 ||| INVOKING Spit Poison.
    60 | D:1      | 60 ||| INVOKING Spit Poison.
   102 | D:1      | 102 ||| INVOKING Spit Poison.
   148 | D:1      | 148 ||| INVOKING Spit Poison.
   149 | D:1      | Reached skill level 4 in Ranged Weapons
   149 | D:1      | Reached XP level 2. HP: 26/26 MP: 2/2
   172 | D:1      | 172 ||| INVOKING Spit Poison.
   250 | D:1      | 250 ||| INVOKING Spit Poison.
   346 | D:1      | 346 ||| INVOKING Spit Poison.
   386 | D:1      | 386 ||| INVOKING Spit Poison.
   404 | D:1      | 404 ||| INVOKING Spit Poison.
   479 | D:1      | 479 ||| INVOKING Spit Poison.
   489 | D:1      | 489 ||| INVOKING Spit Poison.
   559 | D:1      | 559 ||| INVOKING Spit Poison.
   671 | D:1      | 671 ||| UPGRADING to +6 ring of strength.
   672 | D:1      | 672 ||| READING 3 scrolls labelled XUDGHU HEXUC.
   677 | D:1      | 677 ||| READING scroll labelled KIARRA MEJAO.
   678 | D:1      | 678 ||| READING scroll labelled GERILO MEVID.
   679 | D:1      | 679 ||| DROPPING scroll of butterflies.
   688 | D:2      | Reached XP level 3. HP: 32/32 MP: 3/3
   701 | D:2      | 701 ||| INVOKING Spit Poison.
   706 | D:2      | 706 ||| INVOKING Spit Poison.
   710 | D:2      | 710 ||| INVOKING Spit Poison.
   766 | D:2      | 766 ||| INVOKING Spit Poison.
   781 | D:2      | 781 ||| INVOKING Spit Poison.
   787 | D:2      | 787 ||| INVOKING Spit Poison.
   793 | D:2      | 793 ||| INVOKING Spit Poison.
   796 | D:2      | 796 ||| INVOKING Spit Poison.
   845 | D:2      | 845 ||| INVOKING Spit Poison.
   902 | D:2      | 902 ||| INVOKING Spit Poison.
   937 | D:2      | 937 ||| INVOKING Spit Poison.
   974 | D:2      | 974 ||| INVOKING Spit Poison.
   977 | D:2      | Reached skill level 5 in Ranged Weapons
   977 | D:2      | Reached XP level 4. HP: 36/39 MP: 4/4
   979 | D:2      | 979 ||| INVOKING Spit Poison.
  1116 | D:2      | 1116 ||| INVOKING Spit Poison.
  1142 | D:2      | 1142 ||| INVOKING Spit Poison.
  1143 | D:2      | 1143 ||| INVOKING Spit Poison.
  1175 | D:2      | 1175 ||| INVOKING Spit Poison.
  1179 | D:2      | 1179 ||| INVOKING Spit Poison.
  1200 | D:2      | 1200 ||| INVOKING Spit Poison.
  1215 | D:2      | 1215 ||| INVOKING Spit Poison.
  1260 | D:2      | 1260 ||| INVOKING Spit Poison.
  1263 | D:2      | 1263 ||| INVOKING Spit Poison.
  1276 | D:2      | 1276 ||| INVOKING Spit Poison.
  1286 | D:2      | 1286 ||| READING scroll labelled OTEDGH AKOS.
  1356 | D:2      | 1356 ||| DRINKING 2 dark potions.
  1451 | D:3      | 1451 ||| INVOKING Spit Poison.
  1527 | D:3      | 1527 ||| INVOKING Spit Poison.
  1671 | D:3      | 1671 ||| INVOKING Spit Poison.
  1728 | D:3      | Found Utagg's Jewellery Shoppe.
  1732 | D:3      | 1732 ||| INVOKING Spit Poison.
  1736 | D:3      | 1736 ||| SHOPLISTING +4 ring of protection (504 gold, have
                  | 125).
  1736 | D:3      | 1736 ||| SHOPLISTING +4 ring of slaying (1092 gold, have
                  | 125).
  1736 | D:3      | 1736 ||| SHOPLISTING +6 ring of strength (504 gold, have
                  | 125).
  1736 | D:3      | 1736 ||| SHOPLISTING ring of Leaves {rF+ Int+4 Dex+4} (683
                  | gold, have 125).
  1736 | D:3      | 1736 ||| SHOPLISTING ring of fire (350 gold, have 125).
  1736 | D:3      | 1736 ||| SHOPLISTING ring of protection from cold (350
                  | gold, have 125).
  1757 | D:3      | 1757 ||| INVOKING Spit Poison.
  1774 | D:3      | 1774 ||| INVOKING Spit Poison.
  1778 | D:3      | 1778 ||| INVOKING Spit Poison.
  1790 | D:3      | 1790 ||| INVOKING Spit Poison.
  1795 | D:3      | Reached skill level 3 in Fighting
  1803 | D:3      | Found Ixaoqida's Book Boutique.
  2004 | D:3      | 2004 ||| READING scroll labelled NACZEYLEAK.
  2005 | D:3      | 2005 ||| DRINKING 2 fizzy blue potions.
  2034 | D:3      | 2034 ||| READING 3 scrolls of identify.
  2034 | D:3      | 2034 ||| IDENTIFYING metallic ruby potion
  2035 | D:3      | 2035 ||| READING 2 scrolls of identify.
  2035 | D:3      | 2035 ||| IDENTIFYING puce potion
  2036 | D:3      | 2036 ||| DROPPING potion of lignification.
  2037 | D:3      | 2037 ||| DROPPING potion of invisibility.
  2038 | D:3      | 2038 ||| DROPPING potion of attraction.
  2077 | D:4      | Noticed a scorpion
  2078 | D:4      | 2078 ||| INVOKING Spit Poison.
  2081 | D:4      | 2081 ||| INVOKING Spit Poison.
  2081 | D:4      | Killed a scorpion
  2082 | D:4      | Reached XP level 5. HP: 48/49 MP: 5/5
  2084 | D:4      | 2084 ||| INVOKING Spit Poison.
  2087 | D:4      | 2087 ||| INVOKING Spit Poison.
  2098 | D:4      | Noticed a black bear
  2101 | D:4      | 2101 ||| INVOKING Spit Poison.
  2106 | D:4      | 2106 ||| INVOKING Spit Poison.
  2107 | D:4      | Killed a black bear
  2108 | D:4      | Reached skill level 6 in Ranged Weapons
  2108 | D:4      | Reached XP level 6. HP: 45/56 MP: 6/6
  2238 | D:4      | 2238 ||| INVOKING Spit Poison.
  2248 | D:4      | 2248 ||| INVOKING Spit Poison.
  2251 | D:4      | 2251 ||| INVOKING Spit Poison.
  2275 | D:4      | 2275 ||| INVOKING Spit Poison.
  2304 | D:4      | 2304 ||| INVOKING Spit Poison.
  2308 | D:4      | 2308 ||| INVOKING Spit Poison.
  2450 | D:4      | 2450 ||| INVOKING Spit Poison.
  2479 | D:4      | 2479 ||| Stepping ~*~*~tactically~*~*~ (outnumbered).
  2480 | D:4      | 2480 ||| INVOKING Spit Poison.
  2486 | D:4      | 2486 ||| INVOKING Spit Poison.
  2495 | D:4      | 2495 ||| INVOKING Spit Poison.
  2536 | D:4      | 2536 ||| INVOKING Spit Poison.
  2544 | D:4      | Reached XP level 7. HP: 64/64 MP: 7/7
  2544 | D:4      | 2544 ||| INVOKING Spit Poison.
  2549 | D:4      | 2549 ||| INVOKING Spit Poison.
  2555 | D:4      | 2555 ||| INVOKING Spit Poison.
  2650 | D:4      | 2650 ||| INVOKING Spit Poison.
  2653 | D:4      | 2653 ||| INVOKING Spit Poison.
  2657 | D:4      | 2657 ||| INVOKING Spit Poison.
  2660 | D:4      | 2660 ||| INVOKING Spit Poison.
  2666 | D:4      | 2666 ||| INVOKING Spit Poison.
  2822 | D:4      | 2822 ||| INVOKING Spit Poison.
  2829 | D:4      | 2829 ||| INVOKING Spit Poison.
  3033 | D:4      | 3033 ||| INVOKING Spit Poison.
  3307 | D:4      | 3307 ||| DROPPING ring of flight.
  3308 | D:4      | 3308 ||| UPGRADING to ring of positive energy.
  3309 | D:4      | 3309 ||| READING 2 scrolls labelled BEAM RETUMI.
  3310 | D:4      | 3310 ||| DROPPING scroll of immolation.
  3331 | D:5      | Entered Level 5 of the Dungeon
  3336 | D:5      | 3336 ||| INVOKING Spit Poison.
  3339 | D:5      | 3339 ||| INVOKING Spit Poison.
  3344 | D:5      | 3344 ||| INVOKING Spit Poison.
  3378 | D:5      | 3378 ||| INVOKING Spit Poison.
  3381 | D:5      | 3381 ||| INVOKING Spit Poison.
  3385 | D:5      | Slain by an ogre

Levels and vault maps discovered:
D:1:      dpeg_arrival_rooms_c, layout_basic
D:2:      layout_loops_cross, chequers_serial_rivers_small_a,
          minmay_split_cup_small
D:3:      layout_loops_ring, serial_shops, shop, nicolae_shop_trees,
          minmay_tree_intersection, minmay_ruptured
D:4:      minmay_razor_zed, layout_basic
D:5:      layout_loops_ring, minitemple, item_on_display_a

Skill      XL: |  1  2  3  4  5  6 |
---------------+-------------------+-----
Ranged Weapons | 4 5 6 |  6.8
Fighting       | 3 4 |  4.0
Dodging        | 2 |  2.2
Stealth        | |  1.5

Action                     |  1- 3 |  4- 6 |  7- 9 || total
---------------------------+-------+-------+-------++-------
   Fire: Shortbow          |    52 |    75 |    53 ||   180
Ability: Spit Poison       |    25 |    35 |    16 ||    76
    Use: Scroll            |     3 |     4 |     1 ||     8
         Potion            |       |     2 |       ||     2
 Armour: Leather armour    |    10 |    11 |     3 ||    24
  Dodge: Dodged            |    13 |    23 |    12 ||    48

Table legend:
 A = Non-vault XP
 B = Vault XP
 C = Vault XP percentage of total XP
 D = Non-vault monster count
 E = Vault monster count
 F = Vault count percentage of total count
                 A         B        C        D         E       F
            +---------+---------+-------+---------+---------+-------
      Total |     502 |     266 |  34.6 |      67 |      23 |  25.6
            +---------+---------+-------+---------+---------+-------
        D:1 |      30 |       0 |   0.0 |      17 |       0 |   0.0
        D:2 |      74 |      20 |  21.3 |      22 |       3 |  12.0
        D:3 |      11 |       5 |  31.2 |       7 |       2 |  22.2
        D:4 |     376 |     241 |  39.1 |      17 |      18 |  51.4
        D:5 |      11 |       0 |   0.0 |       4 |       0 |   0.0
            +---------+---------+-------+---------+---------+-------
